AoeStats
← 小草頂呱呱

Arena

510947890Analyzed
3v3 RM · 17h ago on Oct 3, 2026· 46m 1s· 6 players
Game mode
Random Map
Map size
Normal (6 player)
Population
200
Speed
Normal
Resources
Standard
Victory
Conquest
Starting age
Dark Age
Ending age
Imperial Age
RankedLock teamsTeams togetherTeam positionsShared explorationLock speedFull tech treeHidden civsTurbo modeCheats
Victory
Defeat
🇧🇷 Vietnamese · Brazil
836
+13
🇭🇰 Turks · Hong Kong SAR China
801
+15
🇹🇼 Mongols · Taiwan
799
+15
🇹🇷 Japanese · Türkiye
825
-17
🇹🇷 Franks · Türkiye
770
-14
🇨🇳 Bohemians · China
722
-12
gM1
9:28 Feudal Age
10:47 Wheelbarrow
10:01 Double-Bit Axe
12:03 Horse Collar
18:50 Castle Age
16:56 Stone Mining
20:24 Gold Mining
20:56 Bow Saw
20:55 Heavy Plow
21:52 Stone Shaft Mining
26:44 Hand Cart
27:26 Town Watch
27:30 Loom
31:20 Imperial Age
29:43 Caravan
32:18 Husbandry
32:38 Forging
32:34 Scale Barding Armor
32:30 Padded Archer Armor
32:22 Fletching
32:17 Elite Battle Elephant
34:13 Two-Man Saw
33:46 Crop Rotation
33:49 Town Patrol
36:40 Elite Rattan Archer
38:32 Iron Casting
38:18 Chain Barding Armor
38:14 Leather Archer Armor
37:54 Bodkin Arrow
40:40 Bloodlines
45:35 Chemistry
44:56 Ballistics
45:08 Ring Archer Armor
44:39 Bracer
45:15 Plate Barding Armor
45:07 Guilds
45:31 Coinage
46:04 Treadmill Crane
小草頂呱呱
10:39 Feudal Age
12:00 Loom
14:42 Castle Age
13:36 Double-Bit Axe
13:32 Horse Collar
23:39 Gold Mining
26:01 Heavy Plow
27:46 Ballistics
27:22 Murder Holes
28:19 Gold Shaft Mining
32:17 Imperial Age
32:35 Masonry
32:37 Fortified Wall
32:51 Crossbowman
32:51 Heavy Cavalry Archer
34:53 Fletching
35:14 Forging
35:11 Scale Barding Armor
40:39 Conscription
40:45 Bodkin Arrow
42:27 Thumb Ring
42:40 Stone Mining
43:55 Parthian Tactics
45:16 Stone Shaft Mining
44:48 Bracer
44:50 Padded Archer Armor
215825245
0:54 Loom
11:44 Feudal Age
17:08 Castle Age
14:55 Double-Bit Axe
14:53 Horse Collar
26:07 Imperial Age
25:59 Heavy Plow
29:36 Gold Mining
29:58 Fletching
32:01 Wheelbarrow
32:38 Forging
32:57 Ballistics
33:45 Conscription
35:32 Bow Saw
37:05 Iron Casting
36:26 Bodkin Arrow
38:51 Elite Janissary
39:38 Stone Mining
39:39 Treadmill Crane
43:19 Two-Man Saw
42:49 Hand Cart
42:35 Cavalier
43:26 Bloodlines
45:48 Gold Shaft Mining
oguayd
10:39 Feudal Age
8:55 Loom
12:15 Wheelbarrow
11:26 Town Watch
11:55 Double-Bit Axe
19:33 Castle Age
17:59 Stone Mining
19:52 Gold Mining
21:21 Hand Cart
21:44 Gold Shaft Mining
21:22 Bow Saw
32:29 Town Patrol
32:59 Caravan
33:29 Coinage
35:55 Imperial Age
34:13 Scale Barding Armor
34:51 Husbandry
35:16 Light Cavalry
37:47 Elite Skirmisher
Anna-D
0:36 Loom
10:54 Feudal Age
16:14 Castle Age
14:59 Double-Bit Axe
25:02 Wheelbarrow
25:58 Bow Saw
27:05 Horse Collar
30:25 Imperial Age
29:01 Hand Cart
30:58 Forging
30:41 Fletching
31:29 Heavy Plow
32:32 Two-Man Saw
32:21 Ballistics
34:10 Chemistry
33:34 Conscription
32:37 Elite Hussite Wagon
33:27 Wagenburg Tactics
34:09 Caravan
37:37 Houfnice
37:40 Heavy Scorpion
39:24 Town Watch
40:24 Iron Casting
39:54 Scale Barding Armor
40:00 Husbandry
39:21 Light Cavalry
42:44 Blast Furnace
41:44 Scale Mail Armor
43:26 Squires
42:46 Pikeman
ozgurulas90
13:49 Feudal Age
18:41 Castle Age
17:33 Double-Bit Axe
18:00 Horse Collar
18:13 Stone Mining
18:13 Gold Mining
18:39 Forging
18:39 Scale Mail Armor
20:27 Bow Saw
23:43 Heavy Plow
25:22 Iron Casting
25:03 Chain Mail Armor
26:28 Gold Shaft Mining
28:24 Town Watch
28:27 Treadmill Crane
34:09 Imperial Age
31:55 Yasama
31:50 Guard Tower
35:16 Capped Ram
36:19 Conscription
35:20 Elite Samurai
36:34 Plate Mail Armor
39:15 Pikeman
39:56 Squires
Connection lost

Rejoining the realm…

Still unreachable

The connection could not be restored.

Session expired

The server has moved on; the page needs a fresh start.